 Dungeon Crawl Stone Soup version 0.21-a0-227-g58a7c62 (webtiles) character file.

6256 Ijustatesigmund the Carver (level 11, -16/89 HPs)
             Began as a Formicid Fighter on Aug 30, 2017.
             Was a Follower of Cheibriados.
             Killed from afar by Azrael (27 damage)
             ... with a bolt of fire
             ... on level 13 of the Dungeon.
             The game lasted 00:23:22 (8921 turns).

Ijustatesigmund the Carver (Formicid Fighter)       Turns: 8921, Time: 00:23:22

Health: -16/89     AC: 11    Str: 25    XL:     11   Next: 15%
Magic:  14/14      EV: 13    Int: 10    God:    Cheibriados [*.....]
Gold:   408        SH: 12    Dex: 21    Spells: 10/10 levels left

rFire    . . .     SeeInvis +   a - +0 long sword
rCold    . . .     Gourm    .   c - +0 shield
rNeg     + . .     Faith    .   b - +0 chain mail
rPois    +         Spirit   .   (helmet unavailable)
rElec    .         Reflect  .   (no cloak)
rCorr    .         Harm     .   p - +0 pair of gloves
MR       +....                  (no boots)
Stlth    ..........             (no amulet)
HPRegen  0.24/turn              l - ring of poison resistance
MPRegen  0.14/turn              r - ring of positive energy

@: agile, very slow
A: permanent stasis, dig shafts and tunnels, four strong arms, antennae 3
a: Dig, Shaft Self, Bend Time, Renounce Religion


You were on level 13 of the Dungeon.
You worshipped Cheibriados.
Cheibriados was aware of your devotion.
You were hungry.

You visited 2 branches of the dungeon, and saw 11 of its levels.

You collected 408 gold pieces.

Inventory:

Hand Weapons
 a - a +0 long sword (weapon)
Armour
 b - a +0 chain mail (worn)
 c - a +0 shield (worn)
 p - a +0 pair of gloves (worn)
Jewellery
 l - a ring of poison resistance (left hand)
 r - a ring of positive energy (right hand)
 v - an uncursed ring of fire
Wands
 d - a wand of iceblast (6/15)
 m - a wand of acid (1/15)
 t - a wand of flame (39/48)
 w - a wand of scattershot (2/9)
 x - a wand of flame (22/48)
Scrolls
 e - 4 scrolls of remove curse
 g - 4 scrolls of identify
 i - 3 scrolls of immolation
 q - a scroll of recharging
Potions
 h - 3 potions of brilliance
 n - 3 potions of curing
 o - 3 potions of flight
 s - a potion of resistance
 u - a potion of lignification
 z - a potion of agility
Comestibles
 f - 8 bread rations
 j - 4 meat rations
 k - a royal jelly


   Skills:
 + Level 9.3 Fighting
 + Level 11.0 Long Blades
 + Level 6.9 Armour
 + Level 0.3 Dodging
 - Level 7.2 Shields
 + Level 5.1 Invocations


You had 10 spell levels left.
You didn't know any spells.

Dungeon Overview and Level Annotations

Branches:
Dungeon (11/15)            Temple (1/1) D:7             Orc (0/2) D:11
   Lair: D:8-11

Altars:
Ashenzari
Cheibriados
Dithmenos
Elyvilon
Fedhas
Gozag
Hepliaklqana
Kikubaaqudgha
Makhleb
Nemelex Xobeh
Okawaru
Qazlal
Ru
Sif Muna
Trog
Uskayaw
Vehumet
Wu Jian
Xom
Yredelemnul
The Shining One

Shops:
D:6 =   D:7 (

Annotations:
D:5 Dowan, Duvessa
D:13 Azrael


Innate Abilities, Weirdness & Mutations

You cannot be hasted, slowed, berserked, paralysed or teleported.
You can dig through walls and to a lower floor.
Your four strong arms can wield two-handed weapons with a shield.
You have a pair of large antennae on your head. (SInv)


Message History

Evoke which item? (* to show all) (? for menu, Esc to quit)
Aiming: Scattershot
Press: ? - help, Shift-Dir - straight line, f - hell hound
Aim: a hell hound The burst of metal fragments hits Azrael.
Azrael is lightly wounded.
This wand has 2 charges left.
Azrael gestures at you.
The fireball explodes!
The fireball engulfs you!
* * * LOW HITPOINT WARNING * * *
The fireball engulfs Azrael.
Azrael completely resists.
It was a potion of agility.
You feel agile all of a sudden. Azrael hits you but does no damage.
A fire elemental comes into view.
Are you sure you want to shaft yourself?
You are feeling hungry.
Azrael gestures at you. The bolt of fire hits you!
You die...

#.. #. .###..
#. #..... #.
####.# #§ { #.#
#§ #.# #§
###.## #E######
#.>..# #hR@...#
#.##.. ######.#
#.##.# #.#
#.##.# #.#
#.##.# #.#
#..... #.#
####.#
#.####### #†#
#.##....#####.#
#....##.....†.#


You could see Azrael, a fire elemental and a hell hound.

Vanquished Creatures
  A hydra (D:13)
  A two-headed ogre (D:8)
  Pikel (D:7)
  A komodo dragon (D:13)
  A slime creature (D:13)
  A wyvern (D:8)
  A fire elemental (D:13)
  A water moccasin (D:6)
  An ice beast (D:7)
  A slave (D:7)
  An orc warrior (D:6)
  3 sky beasts
  A phantom (D:8)
  5 centaurs
  3 ogres
  A big kobold (D:8)
  7 bullfrogs
  3 scorpions
  6 killer bees (D:8)
  3 crimson imps
  2 bullfrog zombies
  6 hounds
  A centaur zombie (D:8)
  3 orc priests
  A centaur skeleton (D:6)
  3 orc wizards
  6 worker ants
  A hound skeleton (D:4)
  A worker ant zombie (D:5)
  Robin (D:1)
  9 adders
  5 gnolls
  A shadow imp (D:6)
  4 worms
  3 dart slugs
  11 leopard geckos
  29 orcs
  3 ball pythons
  6 bats
  2 bat zombies (D:2)
  14 giant cockroaches
  19 goblins
  10 hobgoblins
  14 jackals
  7 kobolds
  A quokka (D:6)
  2 frilled lizards
  A giant cockroach zombie (D:6)
  A jackal skeleton (D:5)
  A leopard gecko skeleton (D:4)
  A quokka zombie (D:5)
  7 rats
  3 rat zombies (D:2)
222 creatures vanquished.

Vanquished Creatures (others)
  An unseen horror (D:8)
  2 howler monkeys (D:7)
3 creatures vanquished.

Grand Total: 225 creatures vanquished

Notes
Turn   | Place    | Note
-------+----------+-------------------------------------------
     0 | D:1      | Ijustatesigmund the Formicid Fighter began the quest for the Orb.
     0 | D:1      | Reached XP level 1. HP: 18/18 MP: 1/1
    83 | D:1      | Reached XP level 2. HP: 21/24 MP: 2/2
   256 | D:1      | Reached XP level 3. HP: 30/30 MP: 3/3
   284 | D:1      | Reached skill level 3 in Long Blades
   869 | D:1      | Reached XP level 4. HP: 37/37 MP: 4/4
  1175 | D:2      | Noticed Robin
  1420 | D:1      | Killed Robin
  1458 | D:2      | Reached XP level 5. HP: 42/42 MP: 5/5
  1479 | D:2      | Found an ancient bone altar of Kikubaaqudgha.
  1504 | D:2      | Reached skill level 4 in Long Blades
  2164 | D:3      | Found a radiant altar of Vehumet.
  2457 | D:3      | Reached XP level 6. HP: 43/49 MP: 6/6
  2541 | D:3      | Noticed an air elemental
  2543 | D:3      | Found a stormy altar of Qazlal.
  2546 | D:3      | Noticed a water elemental
  2546 | D:3      | Noticed a fire elemental
  2898 | D:4      | Reached skill level 5 in Long Blades
  2937 | D:4      | Reached skill level 5 in Fighting
  3232 | D:4      | Noticed an ogre
  3238 | D:4      | Killed an ogre
  3238 | D:4      | Reached skill level 5 in Shields
  3238 | D:4      | Reached XP level 7. HP: 31/56 MP: 7/7
  3247 | D:4      | Got a heavily runed leather armour
  3253 | D:4      | Identified the cursed +1 leather armour of Illunenuph {MR+ Int+2 Dex+3 Stlth-} (You found it on level 4 of the Dungeon)
  3651 | D:5      | Entered Level 5 of the Dungeon
  3709 | D:5      | Found a white marble altar of Elyvilon.
  4012 | D:5      | Reached skill level 6 in Long Blades
  4069 | D:5      | Noticed Dowan
  4070 | D:5      | Noticed Duvessa
  4081 | D:5      | You fall through a shaft for 2 floors!
  4099 | D:7      | Reached XP level 8. HP: 21/64 MP: 8/8
  4499 | D:6      | Reached skill level 7 in Long Blades
  4590 | D:6      | Found a bloodstained altar of Trog.
  4938 | D:6      | Found an ornate altar of the Wu Jian Council.
  5014 | D:6      | Reached XP level 9. HP: 52/71 MP: 9/9
  5073 | D:6      | Found Bytodd's Jewellery Shop.
  5200 | D:6      | Reached skill level 8 in Long Blades
  5591 | D:7      | Found Itezuesu's Antique Weapon Shoppe.
  5787 | D:7      | Noticed Pikel
  5836 | D:7      | Killed Pikel
  5836 | D:7      | Reached skill level 9 in Long Blades
  6237 | D:7      | Found a glowing golden altar of the Shining One.
  6317 | D:7      | Found a staircase to the Ecumenical Temple.
  6426 | D:7      | Found an iron altar of Okawaru.
  6429 | D:7      | Found a stormy altar of Qazlal.
  6461 | D:7      | Found a shadowy altar of Dithmenos.
  6481 | D:7      | Found a bloodstained altar of Trog.
  6885 | Temple   | Entered the Ecumenical Temple
  6942 | Temple   | Became a worshipper of Cheibriados the Contemplative
  7064 | D:8      | Reached skill level 1 in Invocations
  7064 | D:8      | Reached XP level 10. HP: 48/80 MP: 10/10
  7080 | D:8      | Reached skill level 5 in Armour
  7331 | D:8      | Reached * piety under Cheibriados
  7586 | D:8      | Reached skill level 10 in Long Blades
  7592 | D:8      | Noticed an unseen horror
  7599 | D:8      | Killed an unseen horror
  7917 | D:8      | Got a translucent hand axe
  7918 | D:8      | Identified the +8 hand axe "Byvyteod" {protect, Str+8} (You found it on level 8 of the Dungeon)
  7956 | D:8      | Noticed a two-headed ogre
  7967 | D:8      | Killed a two-headed ogre
  7970 | D:8      | You fall through a shaft for 3 floors!
  8275 | D:11     | Found a staircase to the Orcish Mines.
  8309 | D:11     | Noticed a cyan ugly thing
  8312 | D:11     | You fall through a shaft for 2 floors!
  8685 | D:13     | Noticed a komodo dragon
  8704 | D:13     | Killed a komodo dragon
  8796 | D:13     | Noticed a seven-headed hydra
  8806 | D:13     | Killed a seven-headed hydra
  8806 | D:13     | Reached skill level 11 in Long Blades
  8806 | D:13     | Reached XP level 11. HP: 81/89 MP: 14/14
  8890 | D:13     | Reached skill level 5 in Invocations
  8912 | D:13     | Noticed Azrael
  8921 | D:13     | Killed from afar by Azrael

Vault maps used:
D:1:      matt_arrival_refuge
D:2:      lemuel_zombie_altar_kikubaaqudgha, minmay_strange_pillars,
          st_stairs_8, uniq_robin
D:3:      nicolae_overflow_hidden_temple, nicolae_qazlal_style_of_elements
D:4:      first_bread, minmay_bisected
D:5:      elyvilon_altar_1, zin_angel, uniq_duvessa
D:6:      old_standard_altar, basic_altar, serial_shops,
          nicolae_shop_temple_entry_statues_fountains, minmay_misc_feat_encased
D:7:      lemuel_ice_spiral_2, tso_metal_star, grunt_temple_overflow_cloverleaf,
          minmay_temple_entry_poolview, serial_shops, nicolae_shop_statue_plus,
          uniq_pikel
D:8:      minmay_quarter_circles, david_nohive_1
D:11:     erik_lair_island
D:13:     david_vaults_3, serial_aquarium, aquarium_bridge_square,
          aquarium_window_fake, aquarium_window_fake, aquarium_window_fake,
          aquarium_view_2b, aquarium_balcony_double_2, uniq_azrael
Temple:   minmay_temple_bridge_abc

Skill      XL: |  1  2  3  4  5  6  7  8  9 10 11 |
---------------+----------------------------------+-----
Long Blades    | 3 4 5 6 7 9 11 | 11.0
Fighting       | 4 5 6 7 9 |  9.3
Shields        | 4 5 6 7 |  7.2
Armour         | 4 6 |  6.9
Invocations    | 1 4 5 |  5.1
Dodging        | |  0.3

Action                   |  1- 3 |  4- 6 |  7- 9 | 10-12 || total
-------------------------+-------+-------+-------+-------++-------
Melee: Long sword        |    98 |   295 |   411 |   203 ||  1007
 Abil: Dig               |     1 |     2 |     1 |     2 ||     6
       Shaft Self        |       |       |     1 |     3 ||     4
Evoke: Wand              |       |       |     2 |    12 ||    14
  Use: Potion            |     1 |     2 |     2 |     1 ||     6
       Scroll            |       |    13 |     9 |       ||    22
 Stab: Invisible         |       |       |     4 |       ||     4
  Eat: Fruit             |       |     1 |     1 |       ||     2
       Bread ration      |       |     1 |       |       ||     1
       Chunk             |       |     3 |    13 |     2 ||    18
       Royal jelly       |       |       |       |     2 ||     2
Armor: Scale mail        |    34 |       |       |       ||    34
       Chain mail        |    17 |   170 |   140 |    76 ||   403
Dodge: Dodged            |    37 |    65 |    82 |    51 ||   235
Block: Shield            |    73 |   149 |   200 |    90 ||   512
       Rpst.: Long sword |    15 |    20 |    30 |    21 ||    86

Table legend:
 A = Spawn XP
 B = Non-spawn XP
 C = Spawn XP percentage of total XP
 D = Spawn monster count
 E = Non-spawn monster count
 F = Spawn count percentage of total count
 G = Total turns spent on level
                    A         B        C        D         E        F      G
               +---------+---------+-------+---------+---------+-------+---------
         Total |    1388 |    7550 |  15.5 |      24 |     197 |  10.9 |  8921
               +---------+---------+-------+---------+---------+-------+---------
           D:1 |       4 |      84 |   4.5 |       3 |      30 |   9.1 |  1105
           D:2 |       5 |      87 |   5.4 |       3 |      33 |   8.3 |   971
           D:3 |       8 |      85 |   8.6 |       4 |      19 |  17.4 |   593
           D:4 |     128 |     431 |  22.9 |       2 |      18 |  10.0 |   984
           D:5 |      53 |     212 |  20.0 |       3 |      21 |  12.5 |   706
           D:6 |     163 |     886 |  15.5 |       3 |      21 |  12.5 |   881
           D:7 |      11 |    1583 |   0.7 |       4 |      21 |  16.0 |  1685
           D:8 |      43 |    3116 |   1.4 |       1 |      26 |   3.7 |   962
          D:11 |       0 |      46 |   0.0 |       0 |       1 |   0.0 |   342
          D:13 |     973 |    1020 |  48.8 |       1 |       7 |  12.5 |   609
               +---------+---------+-------+---------+---------+-------+---------
